 Dungeon Crawl Stone Soup version 0.23.0 (webtiles) character file.

Game seed: 16200727525378828035

2158 DrEnzyme the Poker (level 9, 0/65 HPs)
             Began as a Formicid Skald on Feb 14, 2019.
             Was an Initiate of Wu Jian.
             Slain by a two-headed ogre
             ... wielding a +0 giant club
              (24 damage)
             ... on level 8 of the Dungeon.
             The game lasted 00:36:02 (10675 turns).

DrEnzyme the Poker (Formicid Skald)                Turns: 10675, Time: 00:36:02

Health: 0/65       AC: 10    Str: 19    XL:     9   Next: 57%
Magic:  26/26      EV: 13    Int: 13    God:    Wu Jian [......]
Gold:   12         SH:  0    Dex: 10    Spells: 9/18 levels left

rFire    + . .     SeeInvis +   t - +3 dagger (venom)
rCold    . . .     Gourm    .   (no shield)
rNeg     . . .     Faith    .   C - +2 leather armour {rF+}
rPois    +         Spirit   .   (helmet unavailable)
rElec    .         Reflect  .   j - +0 cloak
rCorr    .         Harm     .   H - +2 pair of gloves {archery}
MR       .....                  (no boots)
Stlth    +.........             (no amulet)
HPRegen  0.20/turn              m - ring of poison resistance
MPRegen  0.20/turn              E - ring of magical power

@: no status effects
A: permanent stasis, dig shafts and tunnels, four strong arms, antennae 3
a: Dig, Shaft Self, Renounce Religion


You were on level 8 of the Dungeon.
You worshipped Wu Jian.
Wu Jian was noncommittal.
You were not hungry.

You visited 2 branches of the dungeon, and saw 9 of its levels.

You collected 380 gold pieces.
You spent 368 gold pieces at shops.

Inventory:

Hand Weapons
 e - a +2 trident of piercing
 t - a +3 dagger of venom (weapon)
 J - a +0 glaive
Missiles
 v - 7 tomahawks of dispersal
 w - 11 tomahawks
 y - 3 silver tomahawks
 z - 7 javelins (quivered)
Armour
 b - a +0 leather armour
 c - a +0 ring mail
 j - a +0 cloak (worn)
 C - a +2 leather armour of fire resistance (worn)
 H - a +2 pair of gloves of archery (worn)
Jewellery
 l - a cursed -3 ring of intelligence
 m - a ring of poison resistance (left hand)
 x - an uncursed ring of flight
 E - a ring of magical power (right hand)
Wands
 D - a wand of flame (25)
 F - a wand of polymorph (7)
Scrolls
 a - a scroll of random uselessness {unknown}
 d - a scroll of magic mapping {unknown}
 h - a scroll of remove curse
 i - 2 scrolls of identify
 n - a scroll of fear {unknown}
 o - 2 scrolls of enchant weapon {unknown}
 q - 3 scrolls of blinking {unknown}
 G - a scroll of noise {unknown}
Potions
 g - a potion of agility {unknown}
 k - a potion of berserk rage {unknown}
 p - 2 potions of curing
 r - a potion of degeneration {unknown}
 s - 4 potions of heal wounds {unknown}
 u - 2 potions of cancellation {unknown}
 A - a potion of mutation {unknown}
 B - a potion of brilliance
 I - a potion of ambrosia
Comestibles
 f - 11 rations


   Skills:
 + Level 3.9 Fighting
 + Level 7.2 Polearms
 + Level 0.2 Throwing
 + Level 4.8 Armour
 + Level 3.6 Dodging
 + Level 1.3 Stealth
 + Level 5.4 Spellcasting
 + Level 5.4 Charms
 + Level 1.8 Translocations


You had 9 spell levels left.
You knew the following spells:

 Your Spells              Type           Power        Failure   Level  Hunger
a - Shroud of Golubria    Chrm/Tloc      ##........   7%          2    ##.....
b - Infusion              Chrm           ###.         2%          1    None
c - Regeneration          Chrm/Necr      ##........   21%         3    ###....
d - Spectral Weapon       Hex/Chrm       ##......     21%         3    ###....

Your spell library contained the following spells:

 Spells                   Type           Power        Failure   Level  Hunger
 Song of Slaying          Chrm           ###.....     3%          2    ##.....


Dungeon Overview and Level Annotations

Branches:
Dungeon (8/15)             Temple (1/1) D:7
   Lair: D:8-11

Altars:
Gozag
Hepliaklqana
Okawaru
Ru
Vehumet
Wu Jian
The Shining One

Shops:
D:5 (:!*   D:6 (

Annotations:
D:2 exclusion: 2 downstairs
D:4 exclusion: door
D:8 2 transporters, Geeful's ghost, novice KoAK


Innate Abilities, Weirdness & Mutations

You cannot be hasted, slowed, berserked, paralysed or teleported.
You can dig through walls and to a lower floor.
Your four strong arms can wield two-handed weapons with a shield.
You have a pair of large antennae on your head. (SInv)


Message History

The two-headed ogre hits you with a +0 giant club!
There is a stone staircase leading up here.
The two-headed ogre hits you but does no damage.
The two-headed ogre hits you with a +0 giant club!
The two-headed ogre looks more healthy.
There is an open door here.
You hit the two-headed ogre.
The two-headed ogre is poisoned.
The two-headed ogre is moderately wounded.
The two-headed ogre closely misses you.
The two-headed ogre hits you with a +0 giant club!
There is an open door here.
The two-headed ogre looks more healthy.
There is an open door, spattered with blood here.
The two-headed ogre hits you with a +0 giant club.
The two-headed ogre barely misses you.
There is an open door here.
As you open the door, it creaks loudly!
The two-headed ogre hits you with a +0 giant club! x2
The two-headed ogre hits you with a +0 giant club!!
You die...

.#........#........#.......#...#.
.#........#........#.......#...#.
###..##'###........##.....##...#.
.##..#........##'####.....#######
.....#........#.................#
.....#........'.................#
.....#........#.................#
.....#.......<#.................#
.....#........##@#####....#######
.....#.........O..[..####'###....
.....#...............#......#....
######...............#......#....
..................[..#.....)#....
......########.......#......)....
......# #.......#......#....
......+ #.......#......#....
......# #.......#......#....


You could see a two-headed ogre.

Vanquished Creatures
  A water moccasin (D:7)
  An orc warrior (D:8)
  3 centaurs
  An ogre (D:7)
  A necrophage (D:6)
  A big kobold (D:8)
  2 bullfrogs
  A wyvern skeleton (D:8)
  4 scorpions
  3 killer bees (D:7)
  2 howler monkeys
  A crimson imp (D:7)
  3 jellies
  4 hounds
  3 orc priests
  6 orc wizards
  An iguana (D:6)
  2 worker ants
  A killer bee zombie (D:6)
  A hound skeleton (D:7)
  8 gnolls
  10 adders
  2 oozes
  An adder skeleton (D:4)
  2 worms (D:3)
  2 leopard geckos
  20 orcs
  A ball python (D:1)
  4 bats
  6 giant cockroaches
  5 goblins
  7 hobgoblins
  9 jackals
  4 quokkas
  A frilled lizard (D:4)
  5 kobolds
  A leopard gecko skeleton (D:7)
  A leopard gecko zombie (D:6)
  3 rats
134 creatures vanquished.

Vanquished Creatures (others)
  A spectral weapon (D:8)
1 creature vanquished.

Grand Total: 135 creatures vanquished

Notes
Turn   | Place    | Note
-------+----------+-------------------------------------------
     0 | D:1      | DrEnzyme the Formicid Skald began the quest for the Orb.
     0 | D:1      | Reached XP level 1. HP: 16/16 MP: 3/3
   301 | D:1      | Reached XP level 2. HP: 16/22 MP: 0/5
   819 | D:1      | Reached XP level 3. HP: 27/27 MP: 3/6
  2409 | D:3      | Reached XP level 4. HP: 23/34 MP: 7/7
  3079 | D:3      | Learned a level 2 spell: Shroud of Golubria
  3103 | D:3      | Reached XP level 5. HP: 35/39 MP: 0/8
  3335 | D:3      | Found a sacrificial altar of Ru.
  4460 | D:4      | Found an opulent altar of Gozag.
  4791 | D:4      | Reached skill level 3 in Polearms
  4859 | D:4      | Noticed an ogre
  5191 | D:4      | Reached XP level 6. HP: 42/46 MP: 10/10
  5508 | D:5      | Entered Level 5 of the Dungeon
  5691 | D:5      | Reached skill level 4 in Polearms
  5691 | D:5      | Reached skill level 1 in Stealth
  5715 | D:5      | Reached XP level 7. HP: 47/52 MP: 3/11
  6275 | D:5      | Reached skill level 5 in Polearms
  6472 | D:5      | Found Locwizxa's Weapon Emporium.
  6476 | D:5      | Found Hefih's Distillery.
  6476 | D:5      | Found Ytsiud's Book Emporium.
  6477 | D:5      | Found Mafeal Xate's Assorted Antiques.
  6488 | D:5      | Bought a scroll labeled PUECUJEOTI for 21 gold pieces
  6514 | D:5      | Bought a +2 trident of piercing for 172 gold pieces
  6851 | D:6      | Reached XP level 8. HP: 55/58 MP: 6/13
  7118 | D:6      | Found Cuobem's Weapon Shop.
  7371 | D:6      | Reached skill level 6 in Polearms
  7371 | D:6      | Reached skill level 1 in Translocations
  8048 | D:7      | Found a staircase to the Ecumenical Temple.
  8061 | D:7      | Reached XP level 9. HP: 34/64 MP: 3/16
  8413 | Temple   | Entered the Ecumenical Temple
  8432 | Temple   | Became a worshipper of the Wu Jian Council
  8545 | D:7      | Reached skill level 5 in Spellcasting
  8545 | D:7      | Reached skill level 5 in Charms
  8594 | D:7      | Learned a level 3 spell: Regeneration
  8688 | D:7      | Learned a level 3 spell: Spectral Weapon
  8722 | D:7      | Found a glowing golden altar of the Shining One.
  8848 | D:7      | Found a radiant altar of Vehumet.
  9362 | D:8      | Found a transporter.
  9371 | D:8      | Found a transporter.
  9372 | D:8      | Noticed Geeful's ghost (novice KoAK)
  9372 | D:8      | Identified the +4 dire flail of Indomitability {crush,
                  | rPois SInv}
 10014 | D:5      | Bought a pair of embroidered gloves for 157 gold pieces
 10014 | D:5      | Bought a cyan potion for 18 gold pieces
 10242 | D:8      | Reached skill level 7 in Polearms
 10563 | D:8      | Noticed a two-headed ogre
 10675 | D:8      | Slain by a two-headed ogre

Skill      XL: |  1  2  3  4  5  6  7  8  9 |
---------------+----------------------------+-----
Dodging        | 2 3 |  3.6
Armour         | 2 3 4 |  4.8
Polearms       | 3 4 5 6 7 |  7.2
Spellcasting   | 3 4 5 |  5.4
Fighting       | 3 |  3.9
Stealth        | 1 |  1.3
Charms         | 4 5 |  5.4
Translocations | 1 |  1.8
Throwing       | |  0.2

Action                   |  1- 3 |  4- 6 |  7- 9 || total
-------------------------+-------+-------+-------++-------
Melee: Spear             |    93 |    69 |       ||   162
       Trident           |       |   112 |   264 ||   376
       Dagger            |       |       |     4 ||     4
Throw: Throwing net      |     1 |       |       ||     1
       Javelin           |       |       |     9 ||     9
 Cast: Infusion          |    18 |    16 |    27 ||    61
       Shroud of Golubri |       |     8 |    21 ||    29
       Spectral Weapon   |       |       |     1 ||     1
Invok: Lunge             |       |       |     3 ||     3
 Abil: Dig               |       |     3 |     1 ||     4
  Use: Potion            |       |     1 |     1 ||     2
       Scroll            |       |     3 |     2 ||     5
 Stab: Held in net/web   |     2 |       |       ||     2
       Sleeping          |     1 |       |       ||     1
       Distracted        |       |       |     1 ||     1
  Eat: Chunk             |     4 |     9 |    14 ||    27
       Ration            |       |     1 |     1 ||     2
Armor: Leather armour    |    11 |       |    11 ||    22
       Ring mail         |     3 |    78 |    72 ||   153
Dodge: Dodged            |    60 |    93 |   152 ||   305
